 Dungeon Sprint DCSS version 0.24-a0-250-g6074511092 (webtiles) character file.

Game seed: 12501238598766650950

154 Redear the Ruffian (level 5, -6/52 HPs)
             Began as a Ghoul Monk on Apr 15, 2019.
             Mangled by a deep elf mage
             ... wielding a +0 long sword of holy wrath
              (11 damage)
             ... in the Dungeon (Sprint III: "The Ten Rune Challenge").
             The game lasted 00:02:25 (643 turns).

Redear the Ruffian (Ghoul Monk)                      Turns: 643, Time: 00:02:26

Health: -6/52      AC:  4    Str: 14 (15) XL:     5   Next: 35%
Magic:  4/4        EV: 14    Int:  9 (10) God:
Gold:   31         SH:  0    Dex: 11 (12) Spells: 4/4 levels left

rFire    . . .     SeeInvis .     - Unarmed
rCold    + . .     Gourm    .   (no shield)
rNeg     + + +     Faith    .   a - +0 robe
rPois    ∞         Spirit   .   (no helmet)
rElec    .         Reflect  .   (no cloak)
rCorr    .         Harm     .   (no gloves)
MR       .....     NoTele   +   (no boots)
Stlth    ++........             (no amulet)
HPRegen  0.00/turn              b - +2 ring of protection
MPRegen  0.09/turn              (no ring)

@: brilliant, rotting
A: rotting body, claws 1, carnivore, cold resistance 1, negative energy
resistance 3, inhibited regeneration, torment resistance, unbreathing
a: no special abilities


You were in the Dungeon.
You were not hungry.

You visited 1 branch You collected 31 gold pieces.

Inventory:

Armour
 a - a +0 robe (worn)
Jewellery
 b - a +2 ring of protection (left claw)
Scrolls
 c - 2 scrolls of immolation {unknown}
 d - a scroll of enchant weapon {unknown}
 e - 2 scrolls of identify {unknown}
 B - a scroll of blinking {@r4}
 N - 2 scrolls of remove curse
Potions
 f - 2 potions of magic
 g - a potion of berserk rage
 i - a potion of degeneration {!q}
 H - a potion of haste {@q5}
Comestibles
 z - 3 rations


   Skills:
 + Level 7.3 Fighting
 + Level 6.0 Dodging
 - Level 2.1 Stealth
 + Level 7.3 Unarmed Combat


You had 4 spell levels left.
You didn't know any spells.
Your spell library was empty.

Dungeon Overview and Level Annotations

Branches:
Dungeon (1/1)

Altars:
Elyvilon
Zin
The Shining One


Innate Abilities, Weirdness & Mutations

Your body is rotting away.
You thrive on raw meat.
You are immune to poison.
You have sharp fingernails.
You are carnivorous and can eat meat at any time.
Your flesh is cold resistant. (rC+)
You are immune to negative energy. (rN+++)
You do not regenerate when monsters are visible.
You are immune to unholy pain and torment.
You can survive without breathing.


Message History

You feel weakened.
You feel dopey.
You feel clumsy.
The ice beast hits you but does no damage.
Unknown command.
It was a potion of brilliance.
You feel clever all of a sudden. The ice beast closely misses you.
Unknown command.
You feel better. The ice beast hits you. The ice beast freezes you! You resist.
The ice beast hits you but does no damage.
There is a glowing golden altar of the Shining One here.
The deep elf mage hits you with a +0 long sword of holy wrath.
* * * LOW HITPOINT WARNING * * *
You convulse!
* * * LOW HITPOINT WARNING * * *
The ice beast closely misses you.
You take 12 damage, and have 5/52 hp.
MASSIVE DAMAGE!!
You claw the deep elf mage!
The deep elf mage is moderately wounded.
The deep elf mage hits you with a +0 long sword of holy wrath!
You die...

▓▓▓▓▓▓▓▓ ▓▓▓ .'!..♣.♣
♣.##### .#.....♣♣ ♣.#___#
##......♣ ♣♣.#.Y@#
.#....≈.♣♣♣..###e#+###+##
.#...≈≈......#..........#
.#..≈≈≈≈.♣...'.⌠........#
[#..≈≈≈≈≈≈♣♣.#...######+#
.#.≈≈≈≈≈≈....#.⌠.#
.#.≈≈≈≈≈.....#...#
.#.≈≈≈.......#+###
##...........#


You could see a deep elf mage and an ice beast.

Vanquished Creatures
  A water elemental (D)
  A scorpion (D)
  Jessica (D)
  A human (D)
  3 rats (D)
7 creatures vanquished.

Vanquished Creatures (others)
  2 draconian scorchers (D)
  A yaktaur (D)
  6 hellions (D)
  A plant (D)
10 creatures vanquished.

Grand Total: 17 creatures vanquished

Notes
Turn   | Place    | Note
-------+----------+-------------------------------------------
     0 | D        | Redear the Ghoul Monk began the quest for the Orb.
     0 | D        | Reached XP level 1. HP: 19/19 MP: 0/0
    16 | D        | Killed a yaktaur
    25 | D        | Noticed Jessica
    33 | D        | Reached skill level 3 in Dodging
    35 | D        | Killed Jessica
    35 | D        | Reached skill level 5 in Fighting
    35 | D        | Reached skill level 4 in Dodging
    35 | D        | Reached skill level 5 in Unarmed Combat
    35 | D        | Reached XP level 2. HP: 16/29 MP: 1/1
    35 | D        | Reached XP level 3. HP: 20/36 MP: 2/2
    62 | D        | Noticed a scorpion
    81 | D        | Killed a scorpion
    81 | D        | Reached skill level 6 in Fighting
    81 | D        | Reached skill level 5 in Dodging
    81 | D        | Reached skill level 6 in Unarmed Combat
    81 | D        | Reached XP level 4. HP: 34/44 MP: 3/3
    93 | D        | Killed a hellion
    93 | D        | Killed a hellion
    93 | D        | Killed a hellion
    93 | D        | Killed a hellion
    93 | D        | Killed a hellion
   156 | D        | Killed a hellion
   159 | D        | Killed a white draconian scorcher
   160 | D        | Killed a white draconian scorcher
   402 | D        | Noticed a water elemental
   417 | D        | Killed a water elemental
   417 | D        | Reached skill level 7 in Fighting
   417 | D        | Reached skill level 6 in Dodging
   417 | D        | Reached skill level 7 in Unarmed Combat
   417 | D        | Reached XP level 5. HP: 18/52 MP: 4/4
   615 | D        | Found a glowing silver altar of Zin.
   615 | D        | Found a glowing golden altar of the Shining One.
   615 | D        | Found a white marble altar of Elyvilon.
   616 | D        | Noticed a deep elf mage
   636 | D        | Noticed an ice beast
   642 | D        | HP: 5/52 [deep elf mage/+0 long sword of holy wrath (7)]
   643 | D        | Mangled by a deep elf mage

Levels and vault maps discovered:
D:        dungeon_sprint_mu [sprint_mu_entry_forest, sprint_mu_temple_rooms,
          sprint_mu_d1_spiders, sprint_mu_d2_genie, sprint_mu_d3_branching,
          sprint_mu_orc_legion, sprint_mu_elf_gauntlet, sprint_mu_hive_nellie,
          sprint_mu_lair_fedhas, sprint_mu_vaults_butterflies,
          sprint_mu_slime_circle, sprint_mu_swamp_cave, sprint_mu_snake_twists,
          sprint_mu_blade_basic, sprint_mu_crypt_lich, sprint_mu_tomb_spiral,
          sprint_mu_vestibule_basic, sprint_mu_gehenna_hellfire,
          sprint_mu_dis_giant, sprint_mu_tartarus_statrot,
          sprint_mu_cocytus_islands, sprint_mu_zot1]

Skill      XL: |  1  2  3  4 |
---------------+-------------+-----
Dodging        | 4 5 6 |  6.0
Fighting       | 5 6 7 |  7.3
Unarmed Combat | 5 6 7 |  7.3
Stealth        | |  2.1

Action                   |  1- 3 |  4- 6 || total
-------------------------+-------+-------++-------
Melee: Unarmed           |    25 |    54 ||    79
       Punch             |     1 |     1 ||     2
  Use: Potion            |       |     5 ||     5
 Stab: Sleeping          |     1 |       ||     1
  Eat: Chunk             |     3 |       ||     3
Armor: Robe              |     2 |     7 ||     9
Dodge: Dodged            |    12 |    27 ||    39

Table legend:
 A = Non-vault XP
 B = Vault XP
 C = Vault XP percentage of total XP
 D = Non-vault monster count
 E = Vault monster count
 F = Vault count percentage of total count
                 A         B        C        D         E       F
            +---------+---------+-------+---------+---------+-------
      Total |       0 |     220 | 100.0 |       0 |       7 | 100.0
            +---------+---------+-------+---------+---------+-------
          D |       0 |     220 | 100.0 |       0 |       7 | 100.0
            +---------+---------+-------+---------+---------+-------
